 Dungeon Crawl Stone Soup version 0.20.1-1-g8b1a95d (webtiles) character file.

396 Gremour the Archer (level 6, -4/50 HPs)
             Began as a Minotaur Hunter on Nov 6, 2017.
             Slain by a gnoll shaman
             ... wielding a +1 whip of electrocution
              (20 damage)
             ... on level 5 of the Dungeon.
             The game lasted 00:21:16 (3414 turns).

Gremour the Archer (Minotaur Hunter)                Turns: 3414, Time: 00:21:17

Health: -4/50      AC:  7    Str: 16    XL:     6   Next: 52%
Magic:  5/5        EV: 11    Int:  8    God:
Gold:   107        SH:  0    Dex: 13    Spells: 3/5 levels left

rFire    . . .     SeeInvis .   a - +1 shortbow (velocity)
rCold    . . .     Gourm    .   (shield currently unavailable)
rNeg     . . .     Faith    .   j - +0 ring mail (curse)
rPois    .         Spirit   .   (helmet restricted)
rElec    .         Reflect  .   (no cloak)
rCorr    .         Harm     .   (no gloves)
MR       .....                  x - +1 pair of boots
Stlth    +.........             (no amulet)
Regen    0.2/turn               (no ring)
MPRegen  0.1/turn               (no ring)

@: lethally poisoned (-4 -> -10), glowing
A: retaliatory headbutt, horns 2
a: no special abilities


You were on level 5 of the Dungeon.
You were not hungry.

You visited 1 branch of the dungeon, and saw 5 of its levels.
You also visited: Sewer.

You collected 107 gold pieces.

Inventory:

Hand Weapons
 a - a +1 shortbow of velocity (weapon)
 b - a +0 short sword
 k - a +1 shortbow
Missiles
 e - 3 arrows (quivered)
 u - 23 bolts
Armour
 j - a cursed +0 ring mail (worn)
 x - a +1 pair of boots (worn)
Wands
 l - a wand of iceblast (12/15)
Scrolls
 c - 3 scrolls of teleportation
 g - a scroll of amnesia {unknown}
 i - 3 scrolls of identify
 r - 3 scrolls of magic mapping
 s - 2 scrolls of random uselessness {unknown}
 t - a scroll of fear {unknown}
Potions
 d - a potion of brilliance
 m - 3 potions of magic
 o - a potion of cancellation {unknown}
 p - a potion of berserk rage {unknown}
 w - a potion of haste {unknown}
Books
 n - a book of Minor Magic

   Spells                             Type                      Level
   a - Magic Dart                     Conjuration                  1
   b - Blink                          Translocation                2
   c - Call Imp                       Summoning                    2
   d - Slow                           Hexes                        2
   e - Conjure Flame                  Conjuration/Fire             3
   f - Mephitic Cloud                 Conjuration/Poison/Air       3
Comestibles
 f - 2 bread rations
 h - 3 meat rations
 q - 6 fruits


   Skills:
 - Level 2.4 Fighting
 + Level 8.7 Bows
 - Level 2.1 Dodging
 - Level 0.7 Stealth


You had 3 spell levels left.
You knew the following spells:

 Your Spells              Type           Power        Failure   Level  Hunger
b - Blink                 Tloc           N/A          77%         2    ###....


Dungeon Overview and Level Annotations

Branches:
Dungeon (5/15)
 Temple: D:4-7

Altars:

Annotations:
D:4 Eustachio, Pikel


Innate Abilities, Weirdness & Mutations

You reflexively headbutt those who attack you in melee.
You have a pair of horns on your head.


Message History

Firing (i - inventory):
e - 6 arrows (quivered)
Press: ? - help, Shift-Dir - straight line, f/p - worker ant
Aim: a worker ant (almost dead)
You shoot an arrow. The arrow hits the worker ant.
You kill the worker ant!
You feel sick.
Firing (i - inventory):
e - 5 arrows (quivered)
Press: ? - help, Shift-Dir - straight line, f - gnoll
Aim: a gnoll (fast)
You shoot an arrow. The arrow hits the gnoll!
You kill the gnoll!
Firing (i - inventory):
e - 4 arrows (quivered)
Press: ? - help, Shift-Dir - straight line, f - gnoll shaman
Aim: a gnoll shaman, wielding a whip of electrocution and wearing a leather armour You shoot an arrow.
The arrow hits the gnoll shaman.
The gnoll shaman is moderately wounded.
You feel sick. The gnoll barely misses you.
The gnoll shaman hits you with a whip of electrocution.
You are electrocuted!
You die...

####### #.....# #.....###
#.......# #.....#. ###
#.....#. #.. #.....#. #..
########.....#.##..
#.@g.........#..(..
######g#####.##...##....
.........g.........(((.(.
....................†.#..
....(...#.#.######.##.#..
#####...#.....####.##...#
#..............##....
#...##....#######....
#...##....# #.#..


You could see a gnoll shaman and a gnoll.

Vanquished Creatures
  A slave (D:3)
  A centaur (D:4)
  A centaur zombie (D:5)
  Terence (D:2)
  An orc wizard (D:3)
  2 worker ants
  2 gnolls (D:5)
  8 adders
  A river rat (D:3)
  2 worms
  A dart slug (D:1)
  3 leopard geckos
  2 orcs (D:3)
  7 giant cockroaches
  3 goblins
  5 hobgoblins
  6 jackals (Sewer)
  15 kobolds
  A quokka (D:3)
  5 ball pythons (Sewer)
  10 bats
  7 frilled lizards
  6 rats
  2 plants (Sewer)
93 creatures vanquished.

Vanquished Creatures (others)
  A plant (Sewer)
1 creature vanquished.

Grand Total: 94 creatures vanquished

Notes
Turn   | Place    | Note
-------+----------+-------------------------------------------
     0 | D:1      | Gremour the Minotaur Hunter began the quest for the Orb.
     0 | D:1      | Reached XP level 1. HP: 18/18 MP: 0/0
   136 | D:1      | Reached XP level 2. HP: 25/25 MP: 1/1
   244 | D:1      | Reached skill level 5 in Bows
   634 | D:2      | Reached XP level 3. HP: 30/30 MP: 2/2
   654 | D:2      | Noticed Terence
  1092 | D:2      | Killed Terence
  1092 | D:2      | Reached skill level 6 in Bows
  1309 | D:2      | Reached XP level 4. HP: 37/37 MP: 3/3
  1327 | D:2      | Learned a level 2 spell: Blink
  1502 | D:3      | Found a glowing drain.
  1512 | Sewer    | Entered a sewer
  1907 | Sewer    | Reached XP level 5. HP: 40/42 MP: 4/4
  1967 | Sewer    | Reached skill level 7 in Bows
  2849 | D:4      | Noticed a slave
  2849 | D:4      | Noticed Eustachio
  2853 | D:4      | Noticed a slave
  2854 | D:4      | Noticed Pikel
  2857 | D:4      | Noticed a slave
  2858 | D:4      | Noticed a slave
  2890 | D:3      | Killed a slave
  3022 | D:4      | Noticed a centaur
  3033 | D:4      | HP: 1/42 [centaur (4)]
  3034 | D:4      | Killed a centaur
  3034 | D:4      | Reached skill level 8 in Bows
  3034 | D:4      | Reached XP level 6. HP: 1/50 MP: 5/5
  3052 | D:5      | Entered Level 5 of the Dungeon
  3414 | D:5      | Slain by a gnoll shaman

Skill      XL: |  1  2  3  4  5 |
---------------+----------------+-----
Bows           | 5 6 8 |  8.7
Fighting       | |  2.4
Dodging        | |  2.1
Stealth        | |  0.7

Action                   |  1- 3 |  4- 6 || total
-------------------------+-------+-------++-------
Melee: Short sword       |    16 |   214 ||   230
       Headbutt          |     3 |    48 ||    51
 Fire: Shortbow          |    83 |    27 ||   110
  Use: Scroll            |       |     7 ||     7
       Potion            |       |     6 ||     6
  Eat: Chunk             |     1 |     6 ||     7
       Royal jelly       |       |     1 ||     1
Armor: Leather armour    |    10 |       ||    10
       Ring mail         |     7 |    56 ||    63
Dodge: Dodged            |    47 |   109 ||   156
